 Dungeon Crawl Stone Soup version 0.27-a0-988-g25969acef8 (webtiles) character file.

Game seed: 12547865216923307871

11 karrick the Magician (level 2, -10/21 HPs)
             Began as a Djinni Fire Elementalist on Apr 15, 2021.
             Mangled by a wyvern zombie (11 damage)
             ... on level 2 of the Dungeon.
             The game lasted 00:01:19 (1139 turns).

karrick the Magician (Djinni Fire Elementalist)     Turns: 1139, Time: 00:01:20

Health: -10/21     AC:  2    Str:  7    XL:     2   Next: 29%
Gold:   11         EV: 12    Int: 16    God:
                   SH:  0    Dex: 13

rFire    + + .     SeeInvis .   (no weapon)
rCold    x . .     Faith    .   (no shield)
rNeg     . . .     Spirit   .   a - +0 robe
rPois    ∞         Reflect  .   (no helmet)
rElec    .         Harm     .   (no cloak)
rCorr    .         Rampage  .   (no gloves)
Will     .....                  (boots unavailable)
Stlth    ++........             (no amulet)
HPRegen  0.07/turn              (no ring)
MPRegen  0.00/turn              (no ring)

@: flying
A: fire resistance 2, cold vulnerability 1, float, innate caster, hp casting,
extra vitality 1
a: no special abilities


You were on level 2 of the Dungeon.
You visited 1 branch of the dungeon, and saw 2 of its levels.

You collected 11 gold pieces.

Inventory:

Armour
 a - a +0 robe (worn)
Jewellery
 c - an amulet of reflection
 d - a ring of fire
Potions
 b - a potion of degeneration {unknown}


   Skills:
 + Level 2.3 Dodging
 + Level 1.6 Stealth
 + Level 3.1 Spellcasting


You couldn't memorise any spells.
You knew the following spells:

 Your Spells              Type           Power      Damage    Failure   Level
a - Foxfire               Conj/Fire      48%        2x1d6     4%          1
b - Conjure Flame         Conj/Fire      12%        6-21      16%         3
c - Inner Flame           Hex/Fire       12%        N/A       16%         3
d - Sticky Flame          Conj/Fire      12%        2d4       45%         4
e - Fireball              Conj/Fire      6%         3d5       80%         5
Your spell library was empty.

Dungeon Overview and Level Annotations

Branches:
Dungeon (2/15)

Altars:

Shops:
D:1 *


Innate Abilities, Weirdness & Mutations

You are immune to poison.
Your flesh is very heat resistant. (rF++)
You are vulnerable to cold. (rC-)
You float through the air rather than walking.
You learn spells naturally, not from books.
Your magical power is your life essence.
You have superior vitality. (+4 HP)


Message History

The foxfire hits the wyvern zombie.
The wyvern zombie is heavily damaged.
The wyvern zombie bites you. The wyvern zombie barely misses you.
Casting: Foxfire (safe; 4% risk of failure)
Confirm with . or Enter, or press ? or * to list all spells.
You conjure some foxfire!
The foxfire hits the wyvern zombie but does no damage.
The wyvern zombie is heavily damaged.
The foxfire hits the wyvern zombie but does no damage.
The wyvern zombie is heavily damaged.
The wyvern zombie misses you.
Casting: Foxfire (safe; 4% risk of failure)
Confirm with . or Enter, or press ? or * to list all spells.
You conjure some foxfire!
The foxfire hits the wyvern zombie but does no damage.
The wyvern zombie is heavily damaged.
The foxfire hits the wyvern zombie.
The wyvern zombie is severely damaged.
The wyvern zombie bites you!
* * * LOW HITPOINT WARNING * * *
Casting: Foxfire (safe; 4% risk of failure)
Confirm with . or Enter, or press ? or * to list all spells.
You don't have enough health to cast this spell.
Unknown command.
Casting: Foxfire (safe; 4% risk of failure)
Confirm with . or Enter, or press ? or * to list all spells.
You don't have enough health to cast this spell.
Your foxfire dissipates!
The foxfire hits the wyvern zombie.
The wyvern zombie is severely damaged.
The wyvern zombie closely misses you.
Casting: Foxfire (safe; 4% risk of failure)
Confirm with . or Enter, or press ? or * to list all spells.
You don't have enough health to cast this spell.
Unknown command.
You hit the wyvern zombie.
The wyvern zombie is severely damaged.
The wyvern zombie bites you!
Ouch! That really hurt!
You die...

########## ....<...#
#..#.#.#
###...#..########## ##
#...............@.###....
#.#...#>.###.#..Z....#
.....#.#.# #.####.##.#
.........# #.#..........#
#.######## #.#.##.##.##.#
. #.. ... # ###. ### ..
.#


You could see a wyvern zombie.

Vanquished Creatures
  2 ball pythons (D:1)
  An endoplasm (D:1)
  2 giant cockroaches
  A hobgoblin (D:1)
  A bat (D:1)
  2 frilled lizards (D:1)
  3 rats (D:1)
12 creatures vanquished.

Vanquished Creatures (others)
  68 foxfires
68 creatures vanquished.

Grand Total: 80 creatures vanquished

Notes
Turn   | Place    | Note
-------+----------+-------------------------------------------
     0 | D:1      | karrick the Djinni Fire Elementalist began the quest for
                  | the Orb.
     0 | D:1      | Reached XP level 1. HP: 15/15 MP: 0/0
   374 | D:1      | Reached skill level 3 in Spellcasting
   625 | D:1      | Reached XP level 2. HP: 17/21 MP: 0/0
   809 | D:1      | Found Esettin's General Store.
  1045 | D:1      | You are sucked into a shaft and drop 1 floor!
  1137 | D:2      | HP: 1/21 [wyvern zombie (7)]
  1139 | D:2      | Mangled by a wyvern zombie

Illustrated notes

Levels and vault maps discovered:
D:1:      evilmike_arrival_crescent, layout_basic, serial_shops,
          nicolae_shop_statue_plus, minivault_23
D:2:      layout_loops_cross, shapermc_ecumenical_altar_flowoftime,
          minmay_statues_item

Skill      XL: |  1 |
---------------+----+-----
Spellcasting   | 3 |  3.1
Dodging        | |  2.3
Stealth        | |  1.6

Action                   || total
-------------------------++-------
Melee: Unarmed           ||     1
 Cast: Foxfire           ||    50
Dodge: Dodged            ||    21

Table legend: (Time is in decaauts)
 A = Elapsed time spent in this place.
 B = Non-inter-level travel time spent in this place.
 C = Inter-level travel time spent in this place.
 D = Time resting spent in this place.
 E = Time spent auto-exploring this place.
 F = Levels seen in this place.
 G = Mean time per level.
                   A        B        C        D        E       F      G
               +--------+--------+--------+--------+--------+-----+--------+
         Total |   1138 |   1138 |      0 |      0 |   1038 |   2 |  569.0 |
       Dungeon |   1138 |   1138 |      0 |      0 |   1038 |   2 |  569.0 |
               +--------+--------+--------+--------+--------+-----+--------+

Top non-repeatable levels by time:
     D:1: 1045 daAuts
     D:2: 93 daAuts
